 Dungeon Crawl Stone Soup version 0.31-a0-1612-g4aaf141004 (webtiles) character file.

Game seed: 6686377555836052808

2931 Inarius the Cleaver (level 9, -4/62 HPs)
             Began as an Octopode Fighter on Jan 9, 2024.
             Was a Follower of Nemelex Xobeh.
             Slain by a yak (7 damage)
             ... on level 6 of the Dungeon.
             The game lasted 00:06:53 (5688 turns).

Inarius the Cleaver (Octopode Fighter)              Turns: 5688, Time: 00:06:54

Health: -4/62      AC:  1    Str: 19    XL:     9   Next: 79%
Magic:  12/12      EV: 14    Int: 16    God:    Nemelex Xobeh [*.....]
Gold:   366        SH:  5    Dex: 12    Spells: 8/8 levels left

rFire   . . .        d - +4 broad axe (holy)
rCold   . . .        b - +0 buckler
rNeg    . . .        (helmet currently unavailable)
rPois   .            n - amulet of faith
rElec   .            k - +6 ring of intelligence
rCorr   .            (no ring)
SInv    .            (no ring)
Will    .....        (no ring)
Stlth   ++++         (no ring)
HPRegen 0.30/turn    (no ring)
MPRegen 0.13/turn    (no ring)
                     (no ring)

%: faith
@: beast-form
A: beast (slay +0), almost no armour, amphibious, 8 rings, camouflage 1,
gelatinous body 1, (nimble swimmer 1), tentacles
a: Begin Untransformation, Renounce Religion, Draw Escape, Draw Destruction,
Draw Summoning


You were on level 6 of the Dungeon.
You worshipped Nemelex Xobeh.
Nemelex Xobeh was aware of your devotion.
You were a hulking beast.
You visited 2 branches of the dungeon, and saw 7 of its levels.

You collected 366 gold pieces.

Inventory:

Hand Weapons
 a - a +0 war axe
 d - a +4 broad axe of holy wrath (weapon)
Armour
 b - a +0 buckler (worn)
Jewellery
 k - a +6 ring of intelligence (left tentacle)
 n - an amulet of faith (around mantle)
Talismans
 e - a beast talisman (active)
Scrolls
 f - a scroll of summoning {unknown}
 g - 2 scrolls of vulnerability {unknown}
 h - 2 scrolls of noise {unknown}
 i - a scroll of amnesia {unknown}
 j - a scroll of brand weapon {unknown}
 o - a scroll of immolation
 p - 2 scrolls of teleportation
 r - 4 scrolls of poison
Potions
 c - a potion of resistance
 l - a potion of cancellation
 m - a potion of heal wounds {unknown}
 q - a potion of invisibility
 s - a potion of mutation {unknown}
 t - a potion of haste {unknown}


   Skills:
 + Level 6.2 Fighting
 + Level 8.2 Axes
 + Level 5.5 Dodging
 + Level 7.1 Stealth
 + Level 4.1 Shields
 * Level 4.5 Invocations
 + Level 1.0 Evocations
 * Level 1.5 Shapeshifting


You had 8 spell levels left.
You didn't know any spells.
Your spell library contained the following spells:

 Spells                   Type           Power      Damage    Failure   Level
 Summon Small Mammal      Summ           0%         N/A       30%         1
 Ensorcelled Hibernation  Hex/Ice        0%         N/A       43%         2
 Call Canine Familiar     Summ           0%         N/A       67%         3
 Dazzling Flash           Conj/Hex       0%         N/A       67%         3
 Fugue of the Fallen      Necr           0%         N/A       67%         3
 Tukima's Dance           Hex            0%         N/A       67%         3
 Volatile Blastmotes      Fire/Tloc      0%         2d10      67%         3
 Anguish                  Hex/Necr       0%         N/A       97%         4
 Animate Dead             Necr           0%         N/A       97%         4
 Passage of Golubria      Tloc           0%         N/A       97%         4
 Summon Blazeheart Golem  Fire/Summ      0%         N/A       97%         4
 Yara's Violent Unravell  Hex/Alch       0%         3d3       100%        5
 Starburst                Conj/Fire      0%         6d3       100%        6
 Haunt                    Necr/Summ      0%         N/A       100%        7
 Infestation              Necr           0%         N/A       100%        8
 Maxwell's Capacitive Co  Air            0%         ∞         100%        8


Dungeon Overview and Level Annotations

Branches:
Dungeon (6/15)             Temple (1/1) D:4

Altars:
Ashenzari
Cheibriados
Dithmenos
Elyvilon
Fedhas
Gozag
Hepliaklqana
Kikubaaqudgha
Nemelex Xobeh
Okawaru
Qazlal
Ru
Sif Muna
Trog
Uskayaw
Vehumet
Wu Jian
Xom
Yredelemnul
Zin
The Shining One

Shops:
D:2 :

Annotations:
Temple 2 transporters


Innate Abilities, Weirdness & Mutations

You are a hulking beast.
Your limbs bulge with bestial killing power. (Slay +0)
You cannot wear most types of armour.
You are amphibious.
You can wear up to eight rings at the same time.
Your skin changes colour to match your surroundings (Stealth+).
Your rubbery body absorbs attacks. (AC +1, EV +1)
((You are camouflaged when in or above water. (Stealth+)))
You have tentacles for arms and can constrict up to eight enemies at once.


Message History

You are too injured to fight recklessly!
You slash the yak!
You kill the yak!
The yak gores you.
* * * LOW HITPOINT WARNING * * *
Your Axes skill increases to level 8!
You draw a card...
You have drawn the Storm.
A fierce wind blows from the card.
The yak is knocked back by the gust of wind.
The yak slams into the rock wall!
The yak is moderately wounded.
You hear mighty peals of thunder!
Unknown command.
You hit the yak. You squeeze the yak, but do no damage.
The yak is severely wounded.
The yak barely misses you.
Unknown command.
You draw a card...
You have drawn the Storm.
A fierce wind blows from the card.
The yak is knocked back by the gust of wind. x2
The yak slams into the rock wall!
The yak is almost dead.
You hear mighty peals of thunder!
Unknown command.
Unknown command.
You slash the yak!
You kill the yak!
You hit the yak but do no damage. You squeeze the yak!
The yak is heavily wounded.
The yak gores you!
* * * LOW HITPOINT WARNING * * *
You draw a card...
You have drawn the Orb.
Press: ? - help, Shift-Dir - straight line, f - yak
Aim: a yak (heavily wounded)
The wavering orb of destruction weakly hits the yak!
The yak is almost dead.
Your orb of destruction hits a stone wall. x2
Your orb of destruction hits a rock wall.
The yak gores you!
You die...
Your body disappears without a glow.

#.......#.#.#.#......
#.......#..#..#......
#.......#.....#...... .
#..)....#.....#......
.###'########.......#.....#......
................###.#.....#......
...............*...##.....#......
...............*○#...######......
.............###h*.....##......##
.............+.Y###'''###......#.
#............#..#.......#......#.
#............#..#.♣...♣.#......#.
#.....#####+##..#.......#......#.
#.....#.........#..._...#......'.
#.....#.........#.......#......#.
......#.........#.♣...♣.#......#.
......#.....##..#.......#......##


You could see a yak (ally target).

Vanquished Creatures
  Maggie (D:6)
  Sigmund (D:2)
  A fire bat (D:6)
  4 yaks (D:6)
  An ice beast (D:5)
  6 black bears
  An orc warrior (D:6)
  2 ogres (D:4)
  2 phantoms
  2 scorpions
  A bombardier beetle (D:4)
  3 orc priests (D:5)
  2 hounds
  A jelly (D:5)
  Ijyb (D:4)
  An iguana (D:6)
  6 orc wizards
  Natasha (thrice) (D:2)
  7 adders
  A dart slug (D:2)
  18 orcs
  3 ball pythons
  2 bats (D:1)
  7 endoplasms
  2 giant cockroaches
  2 goblins (D:1)
  3 hobgoblins
  9 jackals
  4 quokkas
  3 frilled lizards
  3 kobolds
  2 rats
105 creatures vanquished.

Notes
Turn   | Place    | Note
-------+----------+-------------------------------------------
     0 | D:1      | Inarius the Octopode Fighter began the quest for the Orb.
     0 | D:1      | Reached XP level 1. HP: 16/16 MP: 1/1
   195 | D:1      | Reached XP level 2. HP: 20/21 MP: 2/2
   302 | D:1      | Found a faded altar of an unknown god.
   963 | D:2      | Noticed Natasha
   972 | D:2      | Reached skill level 1 in Stealth
   973 | D:2      | Killed Natasha
   974 | D:2      | Reached XP level 3. HP: 20/26 MP: 3/3
   975 | D:2      | Noticed Natasha
   988 | D:2      | Killed Natasha
   989 | D:2      | Reached XP level 4. HP: 29/31 MP: 4/4
   997 | D:2      | Noticed Natasha
  1002 | D:2      | Killed Natasha
  1152 | D:2      | Noticed Sigmund
  1267 | D:2      | Killed Sigmund
  1268 | D:2      | Reached skill level 3 in Axes
  1268 | D:2      | Reached XP level 5. HP: 34/37 MP: 5/5
  1268 | D:2      | Reached XP level 6. HP: 40/43 MP: 6/6
  1420 | D:2      | Found Melyunlu's Book Shop.
  1663 | D:3      | Found a broken altar of Ashenzari.
  1750 | D:3      | Reached skill level 4 in Axes
  2134 | D:3      | You fall into a shaft and drop 3 floors!
  2193 | D:6      | Noticed Maggie
  2302 | D:5      | Entered Level 5 of the Dungeon
  2305 | D:5      | Noticed an ice beast
  2415 | D:4      | Noticed a black bear
  2430 | D:4      | Killed a black bear
  2431 | D:4      | Reached XP level 7. HP: 49/49 MP: 7/7
  2433 | D:4      | Reached skill level 5 in Stealth
  2440 | D:4      | Reached skill level 5 in Axes
  2657 | D:4      | Found a staircase to the Ecumenical Temple.
  2690 | Temple   | Found a transporter.
  2690 | Temple   | Found a transporter.
  2690 | Temple   | Found a transporter.
  2690 | Temple   | Found a transporter.
  2690 | Temple   | Entered the Ecumenical Temple
  2706 | Temple   | Became a worshipper of Nemelex Xobeh the Trickster
  2751 | D:4      | Found a glowing golden altar of the Shining One.
  2751 | D:4      | Found a stormy altar of Qazlal.
  3275 | D:4      | Noticed Ijyb
  3289 | D:4      | Killed Ijyb
  3647 | D:5      | Reached XP level 8. HP: 54/54 MP: 8/8
  3728 | D:5      | Reached skill level 1 in Invocations
  3731 | D:5      | Reached skill level 5 in Fighting
  3731 | D:5      | Reached skill level 6 in Axes
  4561 | D:5      | Reached skill level 1 in Evocations
  4698 | D:6      | Reached * piety under Nemelex Xobeh
  4704 | D:6      | Received a gift from Nemelex Xobeh
  4712 | D:6      | Noticed a yak
  4712 | D:6      | Noticed a yak
  4712 | D:6      | Noticed a yak
  4984 | D:6      | Noticed a yak
  5002 | D:6      | Found a sacrificial altar of Ru.
  5014 | D:6      | Reached skill level 7 in Axes
  5014 | D:6      | Reached skill level 5 in Dodging
  5014 | D:6      | Reached XP level 9. HP: 48/61 MP: 11/11
  5257 | D:6      | Found an opulent altar of Gozag.
  5278 | D:6      | Killed Maggie
  5442 | D:6      | Found a shimmering altar of Xom.
  5677 | D:6      | Reached skill level 1 in Shapeshifting
  5683 | D:6      | Reached skill level 8 in Axes
  5687 | D:6      | HP: 3/62 [yak (10)]
  5688 | D:6      | Slain by a yak

Illustrated notes

Levels and vault maps discovered:
D:1:      dpeg_chamrin_arrival_tetris, layout_loops_ring,
          hellmonk_ecumenical_altar_zigzags, minmay_misc_feat_pillars,
          grunt_decor_one_mirror, minivault_5
D:2:      layout_basic, serial_shops, nicolae_shop_tiny_real_fake_doors,
          uniq_sigmund, uniq_natasha
D:3:      layout_loops_ring, cheibrodos_ashenzari_chains
D:4:      layout_cave_pods, nicolae_overflow_two_pavilions, temple_doors_e,
          kennysheep_another_room, uniq_ijyb
D:5:      layout_layer_cave
D:6:      layout_gridville, regret_index_xom_of_box, nicolae_ru_awakened_eye,
          nicolae_gozag_cash_rules_everything_around_me, uniq_maggie
Temple:   hellmonk_temple_divided_pantheon

Skill      XL: |  1  2  3  4  5  6  7  8  9 |
---------------+----------------------------+-----
Stealth        | 1 2 3 4 6 7 |  7.1
Fighting       | 4 5 6 |  6.2
Axes           | 3 4 5 7 8 |  8.2
Dodging        | 4 5 |  5.5
Invocations    | 3 4 |  4.5
Evocations     | 1 |  1.0
Shields        | 4 |  4.1
Shapeshifting  | 1 |  1.5

Action                     |  1- 3 |  4- 6 |  7- 9 || total
---------------------------+-------+-------+-------++-------
  Melee: War axe           |    30 |    59 |   129 ||   218
         Constrict         |    10 |    12 |    29 ||    51
         Tentacles         |     4 |    12 |    45 ||    61
         Punch             |       |     2 |     9 ||    11
         Broad axe         |       |       |    35 ||    35
 Invoke: Draw Destruction  |       |       |     5 ||     5
  Evoke: Wand              |       |       |     7 ||     7
    Use: Potion            |       |     2 |     3 ||     5
         Scroll            |       |       |    10 ||    10
   Stab: Sleeping          |     5 |     9 |     8 ||    22
 Armour: Skin              |     7 |    30 |   103 ||   140
  Dodge: Dodged            |    18 |    30 |   104 ||   152
  Block: Buckler           |     4 |    10 |    32 ||    46
   Form: Beast             |       |       |     1 ||     1

Table legend: (Time is in decaauts)
 A = Elapsed time spent in this place.
 B = Non-inter-level travel time spent in this place.
 C = Inter-level travel time spent in this place.
 D = Time resting spent in this place.
 E = Time spent auto-exploring this place.
 F = Levels seen in this place.
 G = Mean time per level.
                   A        B        C        D        E       F      G
               +--------+--------+--------+--------+--------+-----+--------+
         Total |   5761 |   5599 |    162 |   1117 |   3261 |   7 |  823.0 |
       Dungeon |   5724 |   5562 |    162 |   1117 |   3261 |   6 |  954.0 |
        Temple |     36 |     36 |      0 |      0 |      0 |   1 |   36.0 |
               +--------+--------+--------+--------+--------+-----+--------+

Top non-repeatable levels by time:
     D:6: 1225 daAuts
     D:5: 1124 daAuts
     D:4: 1111 daAuts
     D:1: 956 daAuts
     D:2: 697 daAuts
     D:3: 608 daAuts
  Temple: 36 daAuts
